Map: Amphion LE

Players

Spazymazy

  • Race: Zerg Zerg
  • League: Master
  • Spawn Location: 7:00

Kelazhur - Winner!

  • Race: Terran Terran
  • League: Master
  • Spawn Location: 11:00

Event: HomeStory Cup XXV

VOD

Have the link to the VOD?

Description

Time

  • Played on: June 22, 2024, 6:21 a.m.
  • Length: 9:39

All games in this series

Show
View Real Time Build Order
Export as new Build Order

Spazymazy Zerg 

Build Orders: Hatch First 

Get SALT Encoding   

  12  0:00  Drone  
  13  0:13  Overlord  
  13  0:18  Drone  
  14  0:31  Drone x2  
  16  0:51  Hatchery  
  16  0:53  Drone  
  16  0:57  Drone  
  17  1:00  Drone  
  18  1:12  Extractor  
  18  1:16  Spawning Pool  
  16  1:19  Drone  
  16  1:23  Drone  
  18  1:32  Drone  
  19  1:41  Overlord  
  19  1:50  Drone  
  20  2:02  Queen x2  
  20  2:03  Zergling x4  
  26  2:11  Drone  
  27  2:20  Extractor  
  26  2:23  Metabolic Boost  
  26  2:24  Drone x2  
  27  2:32  Drone  
  27  2:35  Drone  
  29  2:43  Drone  
  30  2:54  Drone x3  
  32  2:59  Drone  
  32  3:03  Queen  
  35  3:06  Hatchery, Overlord  
  35  3:11  Drone  
  35  3:14  Overlord  
  35  3:16  Drone  
  35  3:23  Overlord  
  35  3:28  Drone x3  
  38  3:34  Queen  
  38  3:40  Drone  
  38  3:41  Drone  
  42  3:44  Zergling x2  
  43  3:52  Zergling x2  
  44  3:55  Zergling x2  
  44  3:59  Zergling x6  
  45  4:10  Drone  
  45  4:11  Zergling x8  
  45  4:13  Drone  
  45  4:16  Overlord  
  50  4:20  Spore Crawler x2, Queen  
  50  4:25  Drone x2  
  50  4:28  Drone  
  53  4:31  Overlord  
  53  4:35  Drone  
  54  4:41  Zergling x4  
  56  4:45  Overlord  
  56  4:46  Drone x5  
  59  5:00  Drone x2  
  59  5:02  Drone, Zergling x4  
  59  5:06  Zergling x2  
  64  5:11  Overlord, Lair  
  64  5:12  Drone  
  60  5:14  Spore Crawler, Zergling x2  
  60  5:15  Queen  
  62  5:22  Overlord  
  62  5:23  Drone  
  62  5:24  Drone x2  
  62  5:26  Drone x2  
  62  5:27  Zergling x2  
  68  5:32  Baneling Nest  
  67  5:38  Zergling x2  
  67  5:39  Zergling x6  
  67  5:41  Drone x3  
  74  5:45  Extractor x2  
  74  5:49  Drone x2  
  71  5:54  Drone x3  
  71  6:01  Drone  
  71  6:02  Drone x3  
  75  6:04  Overlord  
  75  6:11  Overseer  
  75  6:12  Drone, Spire  
  75  6:13  Drone, Extractor  
  75  6:15  Drone x2  
  75  6:20  Drone x2  
  75  6:22  Drone  
  78  6:26  Centrifugal Hooks  
  78  6:29  Drone  
  78  6:30  Drone x2  
  78  6:35  Drone x3  
  78  6:36  Drone  
  82  6:45  Drone x4  
  82  6:46  Extractor  
  85  6:50  Drone x3  
  85  6:51  Drone  
  89  7:06  Hatchery  
  88  7:10  Drone x3  
  88  7:12  Overlord x2  
  90  7:17  Zergling x14  
  97  7:26  Mutalisk x3  
  103  7:31  Mutalisk x3  
  103  7:32  Baneling  
  103  7:33  Baneling x4  
  103  7:35  Mutalisk  
  111  7:39  Mutalisk x2  
  111  7:42  Mutalisk  
  116  7:47  Zergling x10  
  121  7:52  Overlord x2  
  121  7:56  Overlord  
  121  8:01  Overlord  
  121  8:02  Overlord  
  121  8:04  Overlord  
  103  8:17  Mutalisk x5  
  106  8:20  Zergling x10  
  106  8:24  Queen  
  113  8:28  Drone, Queen, Evolution Chamber x2  
  113  8:30  Drone x2  
  113  8:33  Mutalisk  
  116  8:40  Mutalisk x2  
  116  8:41  Mutalisk  
  122  8:45  Zergling x2  
  122  8:46  Zergling x2  
  119  8:50  Zergling x2  
  114  8:55  Baneling x2  
  114  8:56  Zergling x10  
  114  8:57  Zergling x8  
  116  9:06  Zergling x6  
  109  9:13  Zergling x2  
  109  9:14  Zergling x2, Baneling Nest  
  107  9:20  Zergling x2  
  107  9:21  Zergling x4  
Show
View Real Time Build Order
Export as new Build Order

Kelazhur Terran - Winner!

Build Orders: Reaper Expand, Hellion Banshee 

Get SALT Encoding   

  12  0:00  SCV  
  13  0:12  SCV  
  14  0:17  Supply Depot  
  14  0:24  SCV  
  15  0:39  SCV  
  15  0:41  Barracks  
  16  0:44  Refinery  
  16  0:51  SCV  
  17  1:03  SCV  
  18  1:15  SCV  
  19  1:28  Orbital Command, Reaper  
  20  1:42  Command Center  
  20  1:50  Supply Depot  
  20  1:54  SCV  
  20  2:00  Marine  
  22  2:06  SCV  
  23  2:11  Factory  
  23  2:18  SCV  
  24  2:23  Barracks Reactor  
  24  2:30  SCV  
  25  2:43  SCV  
  26  2:55  SCV  
  27  2:58  Command Center  
  27  3:01  SCV  
  27  3:03  Starport  
  28  3:08  Hellion  
  28  3:11  Hellion  
  32  3:19  SCV  
  33  3:24  Barracks Tech Lab, Refinery  
  33  3:26  SCV  
  34  3:31  Orbital Command  
  34  3:38  Hellion  
  34  3:39  SCV, Hellion  
  39  3:50  Banshee  
  39  3:51  SCV  
  43  3:57  SCV  
  44  4:03  SCV  
  44  4:09  SCV  
  44  4:12  Cloaking Field, Hellion x2  
  44  4:15  Orbital Command, SCV  
  46  4:20  Barracks Tech Lab  
  46  4:21  SCV  
  47  4:25  Supply Depot  
  47  4:33  Banshee  
  47  4:36  SCV  
  47  4:37  Hellion x2  
  55  4:39  Marine  
  55  4:43  SCV  
  55  4:45  SCV  
  58  4:48  SCV  
  59  4:55  SCV  
  60  5:00  SCV  
  59  5:08  SCV  
  59  5:12  SCV  
  59  5:13  Marine  
  59  5:14  Stimpack  
  59  5:15  SCV  
  59  5:20  SCV, Barracks  
  59  5:21  Barracks x2  
  57  5:22  Barracks  
  57  5:23  Factory Reactor  
  57  5:24  SCV  
  57  5:27  SCV  
  59  5:33  SCV  
  59  5:34  Engineering Bay  
  59  5:35  Engineering Bay  
  60  5:36  SCV  
  60  5:37  Supply Depot  
  60  5:41  Refinery  
  61  5:43  SCV  
  61  5:45  SCV  
  61  5:46  Refinery  
  61  5:49  SCV  
  64  5:55  SCV  
  65  5:57  SCV  
  66  6:05  Supply Depot, Marine  
  66  6:06  SCV  
  66  6:10  Supply Depot  
  66  6:11  SCV, Starport Reactor  
  69  6:12  Siege Tank  
  69  6:13  Supply Depot  
  69  6:15  Marine  
  69  6:16  Marine  
  69  6:17  Orbital Command, Barracks Reactor x2  
  74  6:19  SCV  
  74  6:23  SCV, Marine  
  74  6:25  Terran Infantry Weapons Level 1  
  77  6:28  Terran Infantry Armor Level 1  
  77  6:31  SCV, Marine x2  
  80  6:37  SCV, Marine  
  80  6:38  Marine  
  83  6:40  Marine  
  83  6:42  Supply Depot  
  83  6:43  SCV  
  83  6:45  Siege Tank  
  88  6:48  Medivac x2  
  88  6:49  Marine  
  93  7:03  Marine x5  
  93  7:04  SCV x3  
  93  7:07  Combat Shield  
  93  7:08  Armory  
  101  7:25  Supply Depot  
  101  7:27  Supply Depot  
  101  7:30  Supply Depot  
  101  7:46  SCV x2, Marine x6  
  101  7:49  SCV, Marine x3, Siege Tank  
  116  7:51  Medivac  
  116  7:53  Command Center  
  116  7:56  Medivac  
  120  7:58  SCV x2  
  120  8:01  SCV  
  120  8:04  Marine x2  
  125  8:05  Barracks  
  125  8:07  Barracks x2  
  125  8:13  SCV  
  125  8:15  Marine x7  
  109  8:22  Marine x2  
  107  8:30  Missile Turret x2  
  107  8:32  Missile Turret  
  107  8:33  Marine x5  
  112  8:35  Medivac  
  112  8:38  Marine, Factory  
  112  8:40  Marine x3  
  117  8:41  SCV  
  110  8:50  Marine  
  110  8:51  Marine x4  
  110  8:55  Medivac  
  117  8:56  Marine, Widow Mine  
  117  8:58  Marine  
  119  9:03  Marine  
  119  9:05  Medivac  
  119  9:08  Marine x3  
  119  9:09  SCV x3  
  125  9:14  Marine  
  124  9:18  Marine  
  124  9:19  Marine  
  124  9:20  Marine x2  
  124  9:21  SCV, Marine x2  
  130  9:31  Missile Turret  
  135  9:34  Factory Reactor  
Tags
 
Add a new tag
Caveats
  • Supply blocks, unpowered buildings, or Contaminate may cause inaccurate times.
  • Supply counts are checked every 10 seconds.